 Dungeon Crawl Stone Soup version 0.30.1-11-g7821555f0a (webtiles) character file.

Game seed: 4225569167647982598

34 jagang the Slasher (level 3, 0/30 HPs)
             Began as a Barachi Monk on Dec 20, 2023.
             Succumbed to a kobold's poison
             ... on level 2 of the Dungeon.
             The game lasted 00:02:20 (1059 turns).

jagang the Slasher (Barachi Monk)                   Turns: 1059, Time: 00:02:20

Health: 0/30       AC:  5    Str: 12    XL:     3   Next: 31%
Magic:  3/3        EV: 12    Int: 10    God:
Gold:   109        SH:  0    Dex: 16    Spells: 2/2 levels left

rFire   . . .        a - +0 falchion
rCold   . . .        d - orb {light}
rNeg    . . .        g - +0 ring mail
rPois   .            (no helmet)
rElec   .            (no cloak)
rCorr   .            (no gloves)
SInv    .            (no boots)
Will    .....        (no amulet)
Stlth   +            (no ring)
HPRegen 0.25/turn    (no ring)
MPRegen 0.08/turn

%: no passive effects
@: lethally poisoned (0 -> -33), glowing, slow
A: amphibious, slowness 1, strong legs 1, +LOS
a: Hop


You were on level 2 of the Dungeon.
You visited 1 branch of the dungeon, and saw 2 of its levels.

You collected 109 gold pieces.

Inventory:

Hand Weapons
 a - a +0 falchion (weapon)
Armour
 d - an orb of light (worn)
 g - a +0 ring mail (worn)
 h - a +0 plate armour
Scrolls
 b - a scroll of enchant armour {unknown}
 e - a scroll of identify {unknown}
 j - a scroll of noise {unknown}
Potions
 c - a potion of ambrosia
 f - a potion of attraction {unknown}
 i - a potion of magic {unknown}


   Skills:
 + Level 4.0 Fighting
 + Level 4.0 Long Blades
 + Level 1.3 Armour
 * Level 3.9 Dodging


You had 2 spell levels left.
You didn't know any spells.
Your spell library contained the following spells:

 Spells                   Type           Power      Damage    Failure   Level
 Ozocubu's Armour         Ice            0%         N/A       94%         3
 Metabolic Englaciation   Hex/Ice        0%         N/A       100%        5
 Simulacrum               Ice/Necr       0%         N/A       100%        6


Dungeon Overview and Level Annotations

Branches:
Dungeon (2/15)

Altars:
Gozag

Shops:
D:2 ([?


Innate Abilities, Weirdness & Mutations

You are amphibious.
You cover ground slowly.
You can hop short distances.
You have an extended range of vision and can be seen from far away.


Message History

The goblin misses you.
You hit the goblin.
You kill the goblin!
You see here a +0 dagger.
A hobgoblin is nearby!
You slash the hobgoblin!
You kill the hobgoblin!
No target in view!
Found Tablakk's Magic Scroll Shoppe.
There is an entrance to Tablakk's Magic Scroll Shoppe here.
You enter the deep water.
A kobold comes into view.
It is wielding a +0 short sword of venom.
The kobold shouts!
You hear a shout!
The kobold closely misses you.
You barely miss the kobold. The kobold hits you but does no damage.
You are poisoned.
You hit the kobold.
The kobold is moderately wounded.
You feel sick. The kobold misses you.
You hit the kobold.
The kobold is severely wounded.
You feel sick.
The kobold hits you with a +0 short sword of venom.
You are more poisoned.
The kobold hits you but does no damage.
You are lethally poisoned!
You hit the kobold but do no damage.
The kobold is severely wounded.
You feel very sick.
The kobold hits you with a +0 short sword of venom.
You are more poisoned.
You barely miss the kobold.
The kobold is severely wounded.
* * * LOW HITPOINT WARNING * * *
You feel extremely sick. The kobold hits you but does no damage.
You are more poisoned.
You slash the kobold!
You kill the kobold!
You die...

###########
.......)@.#
#########.#
#.# #.# #.#
#.# #.# #.#
##.#


There were no monsters in sight!

Vanquished Creatures
  5 ball pythons
  2 endoplasms
  2 giant cockroaches
  2 goblins
  7 hobgoblins
  3 kobolds
  3 quokkas
  2 bats
  2 frilled lizards (D:1)
  A rat (D:2)
29 creatures vanquished.

Notes
Turn   | Place    | Note
-------+----------+-------------------------------------------
     0 | D:1      | jagang the Barachi Monk began the quest for the Orb.
     0 | D:1      | Reached XP level 1. HP: 18/18 MP: 1/1
   270 | D:1      | Reached XP level 2. HP: 25/25 MP: 2/2
   433 | D:1      | Reached skill level 1 in Armour
   719 | D:2      | Found Xoic's Antique Weapon Boutique.
   754 | D:2      | Reached XP level 3. HP: 24/30 MP: 3/3
   935 | D:2      | Found an opulent altar of Gozag.
   984 | D:2      | Found Ipimmile's Antique Armour Boutique.
  1021 | D:2      | Found Tablakk's Magic Scroll Shoppe.
  1059 | D:2      | Succumbed to a kobold's poison

Illustrated notes

Levels and vault maps discovered:
D:1:      amcnicky_arrival_single_pillar, layout_basic,
          hangedman_decor_diamond_cutter
D:2:      layout_loops_corners, basic_altar, serial_shops, shop, shop,
          nicolae_shop_tiny_waterfront, nicolae_shop_dealshenge,
          grunt_ministairs_15, kennysheep_generic_room_4

Skill      XL: |  1  2  3 |
---------------+----------+-----
Armour         | 1 |  1.3
Long Blades    | 4 |  4.0
Fighting       | 4 |  4.0
Dodging        | |  3.9

Action                     || total
---------------------------++-------
  Melee: Falchion          ||    77
 Armour: Robe              ||     8
         Ring mail         ||    14
  Dodge: Dodged            ||    47
